AoeStats
← tuds

MegaRandom

510140443Analyzed
2v2 RM · 18h ago on Sep 29, 2026· 58m 52s· 4 players
Game mode
Random Map
Map size
Medium (4 player)
Population
200
Speed
Normal
Resources
Standard
Victory
Conquest
Starting age
Dark Age
Ending age
Imperial Age
RankedLock teamsTeams togetherTeam positionsShared explorationLock speedFull tech treeHidden civsTurbo modeCheats
Victory
Defeat
🇫🇷 Italians · France
1140
+14
🇫🇷 Mongols · France
1138
+14
🇦🇷 Cumans · Argentina
1102
-14
🇦🇷 Mongols · Argentina
1097
-14
johnny
10:12 Loom
12:25 Feudal Age
13:11 Double-Bit Axe
16:46 Castle Age
15:37 Padded Archer Armor
16:04 Fletching
18:20 Elite Skirmisher
19:37 Thumb Ring
21:24 Leather Archer Armor
23:04 Town Watch
29:22 Elite Skirmisher
33:21 Imperial Age
33:07 Fortified Wall
34:30 Conscription
34:32 Ballistics
35:13 Chemistry
34:59 Ring Archer Armor
37:59 Wheelbarrow
38:17 Bodkin Arrow
39:17 Murder Holes
40:09 Silk Road
40:24 Bow Saw
42:17 Elite Genoese Crossbowman
43:59 Elite Cannon Galleon
tuds
7:54 Loom
13:07 Feudal Age
17:50 Castle Age
16:54 Scale Barding Armor
16:59 Forging
19:55 Bloodlines
24:26 Double-Bit Axe
25:54 Chain Barding Armor
26:10 Iron Casting
33:40 Imperial Age
32:43 Husbandry
35:46 Wheelbarrow
34:59 Town Watch
35:27 Cavalier
38:27 Blast Furnace
39:26 Elite Steppe Lancer
46:53 Caravan
Renaline
8:47 Loom
11:43 Feudal Age
15:41 Town Watch
16:49 Double-Bit Axe
18:07 Fletching
22:30 Castle Age
22:35 Pikeman
23:35 Bodkin Arrow
26:35 Scale Mail Armor
27:50 Forging
29:01 Padded Archer Armor
29:37 Iron Casting
33:20 Town Patrol
33:55 Wheelbarrow
34:31 Elite Skirmisher
39:08 Leather Archer Armor
44:07 Squires
52:29 Chain Mail Armor
Hoshigaki kisame
2:53 Loom
11:53 Feudal Age
12:54 Loom
13:26 Town Watch
13:46 Gold Mining
14:29 Horse Collar
18:21 Castle Age
16:37 Stone Mining
17:25 Double-Bit Axe
18:41 Light Cavalry
19:32 Heavy Plow
20:34 Squires
24:20 Gold Shaft Mining
27:08 Bloodlines
29:28 Steppe Husbandry
32:20 Bow Saw
35:48 Imperial Age
33:58 Wheelbarrow
33:24 Town Patrol
33:47 Scale Barding Armor
36:28 Hand Cart
36:59 Forging
38:58 Two-Man Saw
40:08 Conscription
39:24 Elite Steppe Lancer
41:21 Chain Barding Armor
43:42 Crop Rotation
46:01 Plate Barding Armor
46:02 Iron Casting
50:53 Hussar
Connection lost

Rejoining the realm…

Still unreachable

The connection could not be restored.

Session expired

The server has moved on; the page needs a fresh start.